 Dungeon Crawl Stone Soup version 0.28-a0-21-gf74fda84f9 (webtiles) character file.

Game seed: 1628873382967118887

8137 Sobieck the Thaumaturge (level 11, -12/61 HPs)
             Began as a Deep Elf Conjurer on July 26, 2021.
             Was a Believer of Vehumet.
             Mangled by a centaur warrior (25 damage)
             ... on level 10 of the Dungeon.
             The game lasted 00:32:55 (11969 turns).

Sobieck the Thaumaturge (Deep Elf Conjurer)        Turns: 11969, Time: 00:32:56

Health: -12/61     AC:  5    Str:  4    XL:     11   Next: 6%
Magic:  16/27      EV: 14    Int: 27    God:    Vehumet [**....]
Gold:   355        SH:  5    Dex: 13    Spells: 19/30 levels left

rFire   . . .      SeeInvis .   G - +2 long sword (holy) {long}
rCold   . . .      Faith    .   (no shield)
rNeg    . . .      Spirit   .   a - +0 robe
rPois   .          Reflect  +   k - +1 helmet
rElec   .          Harm     .   (no cloak)
rCorr   .          Rampage  .   q - +0 pair of gloves
Will    ++...                   (no boots)
Stlth   +++.......              l - amulet of reflection
HPRegen 0.20/turn               p - ring of willpower
MPRegen 0.20/turn               (no ring)

@: no status effects
A: no striking features
a: Renounce Religion


You were on level 10 of the Dungeon.
You worshipped Vehumet.
Vehumet was pleased with you.
You visited 2 branches of the dungeon, and saw 12 of its levels.

You collected 355 gold pieces.


   Skills:
 + Level 4.1 Fighting
 + Level 6.6 Dodging
 + Level 7.2 Stealth
 - Level 10.0 Spellcasting
 - Level 10.0 Conjurations
 - Level 10.0 Hexes
 - Level 3.0 Translocations
 + Level 5.4 Evocations


You had 19 spell levels left.
You knew the following spells:

 Your Spells              Type           Power      Damage    Failure   Level
a - Magic Dart            Conj           100%       1d8       1%          1
b - Searing Ray           Conj           100%       3d7       1%          2
c - Fulminant Prism       Conj/Hex       30%        3d16      1%          4
d - Iskenderun's Mystic   Conj/Tloc      48%        2d11      3%          4

Your spell library contained the following spells:

 Spells                   Type           Power      Damage    Failure   Level
 Sandblast                Erth           26%        2d8       4%          1
 Dazzling Flash           Conj/Hex       100%       N/A       1%          3
 Stone Arrow              Conj/Erth      80%        3d12      1%          3
 Sting                    Tmut/Pois      52%        1d5       4%          1
 Poisonous Vapours        Pois/Air       26%        N/A       6%          2
 Summon Mana Viper        Hex/Summ       40%        N/A       16%         5
 Animate Armour           Summ/Erth      26%        N/A       38%         4
 Olgreb's Toxic Radiance  Pois           13%        N/A       38%         4
 Summon Ice Beast         Ice/Summ       13%        N/A       38%         4
 Monstrous Menagerie      Summ           6%         N/A       100%        7
 Lehudib's Crystal Spear  Conj/Erth      20%        10d6      100%        8

Inventory:

Hand Weapons
 b - a +0 dagger {short}
   (You found it on level 1 of the Dungeon)
 n - a +2 dagger of electrocution {short}
   (You took it off a goblin on level 2 of the Dungeon)
 G - a +2 long sword of holy wrath (weapon) {long}
   (You took it off an orc warrior on level 9 of the Dungeon)
Missiles
 c - 125 arrows
 e - 321 stones {throwing}
 g - 17 sling bullets
 h - 16 bolts
 v - 33 poisoned darts {throwing}
 D - 3 throwing nets {=f!fthrowing}
Armour
 a - a +0 robe (worn)
 k - a +1 helmet (worn)
   (You found it on level 1 of the Dungeon)
 q - a +0 pair of gloves (worn)
   (You found it on level 6 of the Dungeon)
Jewellery
 l - an amulet of reflection (around neck)
   (You found it on level 2 of the Dungeon)
 p - a ring of willpower (left hand)
   (You took it off a hobgoblin on level 3 of the Dungeon)
Wands
 t - a wand of paralysis (9)
   (You found it on level 4 of the Dungeon)
 w - a wand of flame (35)
   (You took it off Edmund on level 4 of the Dungeon)
 F - a wand of charming (7)
   (You found it on level 9 of the Dungeon)
Scrolls
 m - a scroll of noise {!r}
 r - a scroll of amnesia
 s - a scroll of teleportation {@r4}
 y - a scroll of enchant armour
 B - a scroll of silence {unknown}
Potions
 d - 3 potions of curing {@q1}
 f - 3 potions of magic
 i - a potion of ambrosia {unknown}
 j - a potion of haste {unknown}
 o - a potion of invisibility {unknown}
 u - a potion of flight {unknown}
 x - a potion of heal wounds {unknown}
 z - 2 potions of lignification {!q}
 A - a potion of attraction {unknown}
 C - 2 potions of cancellation {unknown}
 E - a potion of resistance

Dungeon Overview and Level Annotations

Branches:
Dungeon (11/15)            Temple (1/1) D:6            Lair (0/6) D:9
    Orc: D:9-12

Altars:
Ashenzari
Elyvilon
Fedhas
Gozag
Kikubaaqudgha
Nemelex Xobeh
Okawaru
Sif Muna
Vehumet

Shops:
D:4 *   D:6 *   D:10 ?

Annotations:
D:7 exclusion: downstairs
D:8 Chebodas

### ##### ## ...
.*#.# .###
##'##.#[# ...#
#..[#c#.#
.#.####
#.(.#@#.#
.#....#
#####.#.#
.####.#
#...#...# .#
#.######.#.###.#
.#
#....)...#.....#
.#
########.#.#.###
## ..#.#.#
.###.#.# ### #.
..#.#


You could see a centaur warrior (ally target) and a friendly fulminant prism.


Message History

Casting: Fulminant Prism (dangerous; 1% risk of failure)
Confirm with . or Enter, or press ? or * to list all spells.
Aiming: Fulminant Prism (dangerous; 1% risk of failure)
Press: ? - help, Dir - move target You conjure a prism of explosive energy!
A fulminant prism comes into view. 😎 MP[-4]
You lost 4 mp, and now have 8/27 mp.
There are monsters nearby!
Unknown command.
The acid dragon spits acid at you.
The splash of acid hits your fulminant prism!
Your fulminant prism is splashed with acid! 😎 MP[+1] 😎 MP[+1]
You start resting.
An acid dragon is nearby!
Casting: Fulminant Prism (dangerous; 1% risk of failure)
Confirm with . or Enter, or press ? or * to list all spells.
You erupt in a blast of force!
The mystic blast hits the acid dragon!
You kill the acid dragon!
Vehumet accepts your kill. 😎 MP[-4]
You lost 4 mp, and now have 6/27 mp.
You start resting. 😎 MP[+21]
Your mp is fully restored (27).
Unknown command.
Unknown command.
You see here a +0 short sword {short}.
A centaur warrior comes into view. It is wielding a +0 dire flail.
The centaur warrior shouts!
The centaur warrior moves out of view.
The centaur warrior unwields a +0 dire flail.
The centaur warrior wields a +0 shortbow.
The centaur warrior shoots an arrow.
The arrow misses you.
The centaur warrior shoots an arrow.
The arrow hits you! 😕 HP[-15]
You take 15 damage, and now have 46/61 hp.
MASSIVE DAMAGE!! (PAUSE)
The centaur warrior unwields a +0 shortbow.
The centaur warrior wields a +0 dire flail.
The centaur warrior hits you with a +0 dire flail.
The centaur warrior completely misses you. 😮 HP[-4]
You take 4 damage, and now have 42/61 hp.
Casting: Iskenderun's Mystic Blast (dangerous; 3% risk of failure)
Confirm with . or Enter, or press ? or * to list all spells.
Aiming: Fulminant Prism (dangerous; 1% risk of failure)
Press: ? - help, Dir - move target You conjure a prism of explosive energy!
A fulminant prism comes into view.
You block the centaur warrior's attack. The centaur warrior kicks you.
The centaur warrior hits you with a +0 dire flail.
The centaur warrior barely misses you. 😮 HP[-8] MP[-4]
You take 8 damage, and now have 34/61 hp.
You lost 4 mp, and now have 23/27 mp.
Casting: Fulminant Prism (dangerous; 1% risk of failure)
Confirm with . or Enter, or press ? or * to list all spells.
You erupt in a blast of force!
The mystic blast hits the centaur warrior.
The centaur warrior is knocked back by the mystic blast.
The centaur warrior unwields a +0 dire flail.
The centaur warrior wields a +0 shortbow.
The centaur warrior shoots an arrow.
The arrow misses you.
Your fulminant prism crackles loudly. 😮 MP[-4]
You lost 4 mp, and now have 19/27 mp.
The blast of energy engulfs the centaur warrior!!
Casting: Iskenderun's Mystic Blast (dangerous; 3% risk of failure)
Confirm with . or Enter, or press ? or * to list all spells.
Aiming: Fulminant Prism (dangerous; 1% risk of failure)
Press: ? - help, Dir - move target You conjure a prism of explosive energy!
A fulminant prism comes into view.
The centaur warrior unwields a +0 shortbow.
The centaur warrior wields a +0 dire flail.
The centaur warrior hits you with a +0 dire flail!
* * * LOW HITPOINT WARNING * * *
The centaur warrior barely misses you. 😨 HP[-9] MP[-4]
You take 9 damage, and now have 25/61 hp.
You lost 4 mp, and now have 15/27 mp.
Unknown command.
You feel better.
The centaur warrior hits you with a +0 dire flail.
* * * LOW HITPOINT WARNING * * *
The centaur warrior kicks you.
* * * LOW HITPOINT WARNING * * *
The centaur warrior hits you with a +0 dire flail!
* * * LOW HITPOINT WARNING * * *
The centaur warrior kicks you.
* * * LOW HITPOINT WARNING * * *
Your fulminant prism crackles loudly. 😱 HP[-12] MP[+1]
You take 12 damage, and now have 13/61 hp.
Unknown command.
The centaur warrior hits you with a +0 dire flail!!
You die...

Skill      XL: |  1  2  3  4  5  6  7  8  9 10 |
---------------+-------------------------------+-----
Spellcasting   | 4 5 6 8 9 10 | 10.0
Conjurations   | 5 6 7 8 10 | 10.0
Hexes          | 2 3 4 6 8 10 | 10.0
Translocations | 3 |  3.0
Fighting       | 1 4 |  4.1
Dodging        | 3 6 |  6.6
Stealth        | 3 7 |  7.2
Evocations     | 2 5 |  5.4

Action                   |  1- 3 |  4- 6 |  7- 9 | 10-12 || total
-------------------------+-------+-------+-------+-------++-------
Melee: Dagger            |     2 |     4 |     4 |     1 ||    11
       Long sword        |       |       |       |     1 ||     1
 Cast: Magic Dart        |    71 |    73 |    16 |       ||   160
       Searing Ray       |     3 |    11 |     7 |       ||    21
       Fulminant Prism   |       |     7 |    63 |    62 ||   132
       Iskenderun's Myst |       |       |    10 |     9 ||    19
  Use: Scroll            |       |       |    11 |       ||    11
       Potion            |       |       |       |     1 ||     1
Armor: Robe              |     2 |     2 |     6 |       ||    10
Dodge: Dodged            |     1 |     4 |    10 |    12 ||    27
Block: Other             |       |     3 |     5 |     6 ||    14
       Rpst.: Long sword |       |       |       |     2 ||     2

Levels and vault maps discovered:
D:1:      nicolae_arrival_memento_mori, layout_basic,
          shapermc_ecumenical_altar_mp_urbaneastern, minmay_strange_pillars,
          st_stairs_12
D:2:      layout_loops_ring, basic_altar, minmay_split_cup_large
D:3:      layout_rooms, tgw_kikubaaqudgha, minivault_11
D:4:      layout_basic, minmay_shop_damaged, minmay_cupped, uniq_grinder,
          uniq_edmund
D:5:      layout_loops_ring, minivault_24
D:6:      layout_basic, minmay_temple_entry_drinking_statues, serial_shops,
          nicolae_diamond_shop
D:7:      layout_loops_corners, mainiacjoe_overflow_concentric_impassable,
          minmay_quadrilaterals
D:8:      layout_loops_ring, chequers_temple_overflow_statue_of_worship,
          nicolae_ossuary_entry_false_entrances, grunt_ministairs_7,
          abandoned_shop, sigmund_army, uniq_harold
D:9:      layout_roguey, grunt_lair_entry_orc_guard_hut
D:10:     layout_roguey [special_room_orc], serial_shops, nicolae_stop_n_shop_1,
          wad_mini_maze
D:11:     layout_stronghold
Temple:   nicolae_temple_elliptical

Notes
Turn   | Place    | Note
-------+----------+-------------------------------------------
     0 | D:1      | Sobieck the Deep Elf Conjurer began the quest for the Orb.
     0 | D:1      | Reached XP level 1. HP: 10/10 MP: 6/6
     0 | D:1      | magus.rc [v1.9.6]
   192 | D:1      | Reached XP level 2. HP: 15/15 MP: 1/8
   199 | D:1      | Learned a level 2 spell: Searing Ray
   285 | D:1      | Found a faded altar of an unknown god.
   524 | D:1      | Reached skill level 4 in Spellcasting
   560 | D:1      | Reached skill level 5 in Conjurations
   602 | D:1      | Reached XP level 3. HP: 19/19 MP: 7/10
  1121 | D:1      | You fall into a shaft and drop 1 floor!
  1825 | D:2      | Reached XP level 4. HP: 24/24 MP: 8/12
  1831 | D:2      | Learned a level 4 spell: Fulminant Prism
  1989 | D:2      | Found a blossoming altar of Fedhas.
  2408 | D:3      | Reached skill level 1 in Hexes
  2410 | D:3      | Reached skill level 5 in Spellcasting
  2523 | D:3      | Reached skill level 2 in Hexes
  2523 | D:3      | Reached XP level 5. HP: 27/28 MP: 1/14
  3199 | D:3      | Found an ancient bone altar of Kikubaaqudgha.
  3204 | D:3      | Noticed a human
  3206 | D:3      | Killed a human
  3447 | D:4      | Found Yntaczugi's Lightly-Used Armoury.
  3502 | D:4      | Reached skill level 6 in Conjurations
  3623 | D:4      | Noticed an ogre
  3629 | D:4      | Killed an ogre
  3630 | D:4      | Reached skill level 6 in Spellcasting
  3630 | D:4      | Reached skill level 3 in Hexes
  3630 | D:4      | Reached XP level 6. HP: 32/32 MP: 7/17
  3738 | D:5      | Entered Level 5 of the Dungeon
  4253 | D:4      | Noticed Grinder
  4269 | D:4      | Killed Grinder
  4270 | D:4      | Reached skill level 4 in Hexes
  4270 | D:4      | Reached XP level 7. HP: 36/36 MP: 3/19
  4476 | D:4      | Noticed Edmund
  4488 | D:4      | Killed Edmund
  4489 | D:4      | Reached skill level 7 in Spellcasting
  4489 | D:4      | Reached skill level 7 in Conjurations
  4489 | D:4      | Reached skill level 5 in Hexes
  4921 | D:5      | Reached skill level 6 in Hexes
  4975 | D:5      | Learned a level 4 spell: Iskenderun's Mystic Blast
  5022 | D:5      | Reached skill level 8 in Spellcasting
  5022 | D:5      | Reached XP level 8. HP: 41/41 MP: 14/22
  5135 | D:5      | Reached skill level 1 in Translocations
  5551 | D:5      | Reached skill level 2 in Translocations
  6022 | D:6      | Noticed a two-headed ogre
  6030 | D:6      | Killed a two-headed ogre
  6031 | D:6      | Reached skill level 9 in Spellcasting
  6031 | D:6      | Reached skill level 8 in Conjurations
  6031 | D:6      | Reached skill level 8 in Hexes
  6031 | D:6      | Reached skill level 3 in Translocations
  6031 | D:6      | Reached XP level 9. HP: 45/45 MP: 10/24
  6180 | D:6      | Found Waogum Erec's Assorted Antiques.
  6359 | D:6      | You add the spells Sting, Poisonous Vapours and Olgreb's
                  | Toxic Radiance to your library.
  6386 | D:6      | Reached skill level 9 in Conjurations
  6643 | D:6      | Found a staircase to the Ecumenical Temple.
  6649 | Temple   | Entered the Ecumenical Temple
  6658 | Temple   | Became a worshipper of Vehumet
  7035 | D:7      | Reached skill level 10 in Spellcasting
  7198 | D:7      | Reached skill level 9 in Hexes
  7976 | D:7      | Reached skill level 10 in Conjurations
  7976 | D:7      | Reached skill level 10 in Hexes
  8266 | D:7      | Found a white marble altar of Elyvilon.
  8563 | D:8      | Killed an unseen horror
  8564 | D:8      | Reached skill level 1 in Fighting
  8564 | D:8      | Reached skill level 3 in Dodging
  8564 | D:8      | Reached skill level 3 in Stealth
  8564 | D:8      | Reached skill level 1 in Evocations
  8786 | D:8      | Reached skill level 2 in Evocations
  8786 | D:8      | Reached XP level 10. HP: 52/52 MP: 11/26
  8795 | D:8      | Reached skill level 4 in Stealth
  9035 | D:8      | Reached * piety under Vehumet
  9035 | D:8      | Offered knowledge of Foxfire by Vehumet.
  9041 | D:8      | Reached skill level 4 in Dodging
  9048 | D:8      | Reached skill level 2 in Fighting
  9051 | D:8      | Reached skill level 3 in Evocations
  9369 | D:8      | You pick up a book of Beasts and begin reading...
  9369 | D:8      | You add the spells Summon Ice Beast, Summon Mana Viper and
                  | Monstrous Menagerie to your library.
  9381 | D:8      | Noticed Harold
  9395 | D:8      | HP: 9/54 [spore (37)]
  9558 | D:8      | Killed Harold
  9559 | D:8      | Reached skill level 5 in Dodging
  9559 | D:8      | Reached skill level 5 in Stealth
  9559 | D:8      | Reached skill level 4 in Evocations
  9693 | D:8      | You pick up a book of Armaments and begin reading...
  9693 | D:8      | You add the spells Stone Arrow, Animate Armour and
                  | Lehudib's Crystal Spear to your library.
  9809 | D:8      | Reached skill level 3 in Fighting
  9830 | D:8      | Found a broken altar of Ashenzari.
  9831 | D:8      | Found a shimmering blue altar of Sif Muna.
  9833 | D:8      | Found an iron altar of Okawaru.
  9833 | D:8      | Found a blossoming altar of Fedhas.
 10130 | D:8      | Noticed a catoblepas
 10455 | D:9      | Reached skill level 6 in Stealth
 10917 | D:9      | Reached skill level 6 in Dodging
 10981 | D:9      | Found a staircase to the Lair.
 11204 | D:9      | Reached skill level 5 in Evocations
 11211 | D:9      | Reached ** piety under Vehumet
 11217 | D:9      | Offered knowledge of Sandblast by Vehumet.
 11500 | D:10     | Entered Level 10 of the Dungeon
 11500 | D:10     | Found Qymmeuq's Magic Scroll Shoppe.
 11725 | D:10     | Noticed a deep elf pyromancer
 11748 | D:10     | Killed a deep elf pyromancer
 11749 | D:10     | Reached skill level 4 in Fighting
 11749 | D:10     | Reached skill level 7 in Stealth
 11749 | D:10     | Reached XP level 11. HP: 61/61 MP: 14/27
 11959 | D:10     | Noticed a centaur warrior
 11968 | D:10     | HP: 13/61 [centaur warrior (3)]
 11969 | D:10     | Mangled by a centaur warrior

Vanquished Creatures
  Harold (D:8)
  A two-headed ogre (D:6)
  A deep elf pyromancer (D:10)
  An unseen horror (D:8)
  Grinder (D:4)
  10 yaks
  A wyvern (D:7)
  Edmund (D:4)
  An acid dragon (D:10)
  2 water moccasins (D:9)
  2 orc warriors (D:9)
  An ice beast (D:8)
  2 black bears
  3 sky beasts
  A necrophage (D:5)
  4 ogres
  3 phantoms
  A centaur (D:7)
  2 kobold brigands
  3 bullfrogs
  A gnoll sergeant (D:7)
  5 scorpions
  10 killer bees
  6 wights
  4 howler monkeys
  A jelly (D:6)
  4 orc priests
  5 hounds
  4 iguanas
  A centaur skeleton (D:6)
  7 orc wizards
  A killer bee zombie (D:8)
  A hound skeleton (D:4)
  2 howler monkey zombies
  A gnoll (D:8)
  10 adders
  A shadow imp (D:7)
  A white imp (D:7)
  An ufetubus (D:6)
  3 dart slugs
  25 orcs
  7 bats
  10 endoplasms
  A giant cockroach (D:3)
  7 goblins
  8 hobgoblins
  4 jackals (D:1)
  5 quokkas
  6 ball pythons
  A ball python skeleton (D:2)
  18 kobolds
  7 rats
210 creatures vanquished.

Vanquished Creatures (collateral kills)
  A hound (D:6)
1 creature vanquished.

Vanquished Creatures (others)
  A human (D:3)
  131 fulminant prisms
  13 fungi
  14 plants
159 creatures vanquished.

Grand Total: 370 creatures vanquished

Table legend:
 A = Non-vault XP
 B = Vault XP
 C = Vault XP percentage of total XP
 D = Non-vault monster count
 E = Vault monster count
 F = Vault count percentage of total count
                 A         B        C        D         E       F
            +---------+---------+-------+---------+---------+-------
      Total |    8396 |    3229 |  27.8 |     181 |      30 |  14.2
            +---------+---------+-------+---------+---------+-------
        D:1 |      50 |       2 |   3.8 |      27 |       1 |   3.6
        D:2 |      54 |       4 |   6.9 |      16 |       4 |  20.0
        D:3 |     169 |       0 |   0.0 |      26 |       0 |   0.0
        D:4 |     234 |     497 |  68.0 |      14 |       7 |  33.3
        D:5 |     935 |       0 |   0.0 |      17 |       0 |   0.0
        D:6 |    1757 |       0 |   0.0 |      23 |       0 |   0.0
        D:7 |     583 |     529 |  47.6 |      13 |       6 |  31.6
        D:8 |    2337 |    1043 |  30.9 |      20 |       6 |  23.1
        D:9 |    1880 |     529 |  22.0 |      20 |       5 |  20.0
       D:10 |     397 |     625 |  61.2 |       5 |       1 |  16.7
            +---------+---------+-------+---------+---------+-------

Illustrated notes

Table legend:
 A = Kills in this place as a percentage of kills in entire the game.
 B = Kills by you in this place as a percentage of kills by you in the entire game.
 C = Kills by friends in this place as a percentage of kills by friends in the entire game.
 D = Other kills in this place as a percentage of other kills in the entire game.
 E = Experience gained in this place as a percentage of experience gained in the entire game.
 F = Experience gained in this place divided by the number of levels of this place that you have seen.
                   A       B       C       D       E      F
               +-------+-------+-------+-------+-------+----------------------
         Total | 100.0 | 100.0 | 100.0 |   N/A | 100.0 | 968.8
       Dungeon | 100.0 | 100.0 | 100.0 |   N/A | 100.0 | 1056.8
               +-------+-------+-------+-------+-------+----------------------

Table legend: (Time is in decaauts)
 A = Elapsed time spent in this place.
 B = Non-inter-level travel time spent in this place.
 C = Inter-level travel time spent in this place.
 D = Time resting spent in this place.
 E = Time spent auto-exploring this place.
 F = Levels seen in this place.
 G = Mean time per level.
                   A        B        C        D        E       F      G
               +--------+--------+--------+--------+--------+-----+--------+
         Total |  11985 |  11356 |    629 |   3506 |   5982 |  12 |  998.8 |
       Dungeon |  11969 |  11347 |    622 |   3506 |   5981 |  11 | 1088.1 |
        Temple |     16 |      9 |      7 |      0 |      1 |   1 |   16.0 |
               +--------+--------+--------+--------+--------+-----+--------+

Top non-repeatable levels by time:
     D:8: 1621 daAuts
     D:7: 1606 daAuts
     D:1: 1481 daAuts
     D:5: 1367 daAuts
     D:4: 1361 daAuts
     D:9: 1251 daAuts
     D:2: 1116 daAuts
     D:6: 949 daAuts
     D:3: 794 daAuts
    D:10: 415 daAuts
  Temple: 16 daAuts
    D:11: 1 daAuts
